 Dungeon Crawl Stone Soup version 0.31-a0-1370-gf52a5a9 (webtiles) character file.

Game seed: 10928577556749457224

146890 PublicAnimeNo1 the Warrior (level 17, -4/193 HPs)
             Began as an Oni Shapeshifter on Dec 22, 2023.
             Was a High Priest of Okawaru.
             Shot with a sling bullet by a faun (17 damage)
             ... on level 2 of the Shoals on Dec 23, 2023.
             The game lasted 01:17:21 (40538 turns).

PublicAnimeNo1 the Warrior (Oni Shapeshifter)      Turns: 40538, Time: 01:17:21

Health: -4/193     AC: 13    Str: 26    XL:     17   Next: 45%
Magic:  5/30       EV: 12    Int: 11    God:    Okawaru [*****.]
Gold:   4184       SH: 15    Dex: 10    Spells: 28/35 levels left

rFire   + +          .
                       - Unarmed
rCold   + + +        j - +2 shield of Resistance {rF++ rC++ Will++}
rNeg    . . .        B - +0 acid dragon scales
rPois   +            H - +2 hat
rElec   .            c - +0 cloak
rCorr   +            (gloves unavailable)
SInv    +            (boots unavailable)
Will    +++..        E - amulet of the acrobat
Stlth   +++          b - ring of see invisible
HPRegen 0.52/turn    M - ring of protection from cold
MPRegen 0.22/turn

%: acrobat
@: heroic, studying 2 skills
A: large, unfitting armour, horns 1, tough skin 1, double potion healing,
drunken brawling, poison resistance, no potion heal 1
a: Renounce Religion, Heroism, Finesse, Duel


You were on level 2 of the Shoals.
You worshipped Okawaru.
Okawaru was extremely pleased with you.
You visited 6 branches of the dungeon, and saw 27 of its levels.
You also visited: Ice Cave.

You collected 4785 gold pieces.
You spent 601 gold pieces at shops.

Inventory:

Missiles
 s - 8 throwing nets
 A - 33 large rocks (quivered)
 F - 2 silver javelins
Armour
 c - a +0 cloak (worn)
 j - the +2 shield of Resistance (worn) {rF++ rC++ Will++}
   (You acquired it on level 5 of the Dungeon)

   rF++:      It greatly protects you from fire.
   rC++:      It greatly protects you from cold.
   Will++:    It greatly increases your willpower.
 r - a +1 hat
 B - +0 acid dragon scales (worn)
 H - a +2 hat (worn)
 J - a +2 robe of cold resistance
 V - a +2 troll leather armour {Snorg}
Jewellery
 b - a ring of see invisible (left hand)
 o - a +6 ring of intelligence
 w - a ring of flight
 y - a +6 ring of intelligence
 E - an amulet of the acrobat (around neck)
 I - a ring of ice
 M - a ring of protection from cold (right hand)
 W - a ring of magical power
 Z - a +6 ring of dexterity
Talismans
 d - a flux talisman
 z - a beast talisman
Wands
 a - a wand of mindburst (7)
 h - a wand of flame (29)
 q - a wand of iceblast (21)
 t - a wand of digging (8)
 u - a wand of paralysis (10)
Scrolls
 e - a scroll of torment
 g - 6 scrolls of teleportation
 n - 2 scrolls of enchant armour
 p - 3 scrolls of amnesia
 v - 4 scrolls of poison
 D - 3 scrolls of fear
 G - a scroll of vulnerability
 K - 4 scrolls of revelation
 O - a scroll of fog
 P - 3 scrolls of identify
 R - a scroll of enchant weapon
Potions
 f - 2 potions of haste
 i - 4 potions of might
 k - a potion of cancellation
 l - a potion of mutation
 m - 6 potions of curing
 x - 3 potions of attraction
 C - 4 potions of lignification
 L - 2 potions of magic
 N - a potion of resistance
 Q - a potion of brilliance
 T - a potion of berserk rage
 U - a potion of enlightenment
 X - a potion of invisibility
 Y - a potion of ambrosia


   Skills:
 - Level 18.0(23.0) Fighting
 - Level 9.2(14.2) Throwing
 + Level 5.8(10.8) Armour
 + Level 6.9(11.9) Dodging
 - Level 4.0(9.0) Stealth
 + Level 11.2(16.2) Shields
 + Level 14.3(19.3) Unarmed Combat
 - Level 9.5 Spellcasting
 - Level 8.0 Translocations
 - Level 10.4 Invocations
 + Level 8.7 Shapeshifting


You had 28 spell levels left.
You knew the following spells:

 Your Spells              Type           Power      Damage    Failure   Level
a - Blink                 Tloc           44%        N/A       1%          2
b - Manifold Assault      Tloc           22%        N/A       9%          4
c - Apportation           Tloc           44%        N/A       1%          1

Your spell library contained the following spells:

 Spells                   Type           Power      Damage    Failure   Level
 Lesser Beckoning         Tloc           44%        N/A       1%          2
 Gell's Gravitas          Tloc           22%        N/A       2%          3
 Teleport Other           Tloc           22%        N/A       2%          3
 Momentum Strike          Conj/Tloc      28%        3d8       6%          2
 Kiss of Death            Conj/Necr      20%        2d7       22%         1
 Necrotise                Necr           20%        1d5       22%         1
 Sandblast                Erth           10%        2d5       22%         1
 Slow                     Hex            20%        N/A       22%         1
 Sting                    Conj/Alch      20%        1d4       22%         1
 Ensorcelled Hibernation  Hex/Ice        10%        N/A       32%         2
 Static Discharge         Conj/Air       10%        3-4/arc   32%         2
 Confusing Touch          Hex            5%         N/A       54%         3
 Fugue of the Fallen      Necr           5%         N/A       54%         3
 Sigil of Binding         Hex            5%         N/A       54%         3
 Stone Arrow              Conj/Erth      10%        3d7       54%         3
 Vampiric Draining        Necr           5%         2d6       54%         3
 Airstrike                Air            2%         2d(1-17)  91%         4
 Anguish                  Hex/Necr       2%         N/A       91%         4
 Brom's Barrelling Bould  Conj/Erth      5%         2d3       91%         4
 Dispel Undead            Necr           5%         3d7       91%         4
 Olgreb's Toxic Radiance  Alch           5%         N/A       91%         4
 Agony                    Necr           5%         N/A       99%         5
 Ozocubu's Refrigeration  Ice            2%         4d8       100%        7
 Discord                  Hex            2%         N/A       100%        8
 Chain Lightning          Conj/Air       2%         3d3       100%        9
 Fire Storm               Conj/Fire      2%         8d1       100%        9
 Shatter                  Erth           2%         3d6*      100%        9
 Summon Small Mammal      Summ           Unusable   N/A       N/A         1
 Summon Lightning Spire   Summ/Air       Unusable   N/A       N/A         4
 Malign Gateway           Summ/Tloc      Unusable   N/A       N/A         7

Dungeon Overview and Level Annotations

Branches:
Dungeon (15/15)            Temple (1/1) D:4            Lair (5/5) D:8
 Shoals (2/4) Lair:2        Snake (2/4) Lair:3        Slime (0/5) Lair:4
    Orc (2/2) D:11            Elf (0/3) Orc:2        Vaults (0/5) D:13
 Depths (0/4) D:15          IceCv (visited)

Altars:
Ashenzari
Cheibriados
Dithmenos
Elyvilon
Fedhas
Gozag
Hepliaklqana
Kikubaaqudgha
Makhleb
Nemelex Xobeh
Okawaru
Qazlal
Ru
Sif Muna
Trog
Uskayaw
Vehumet
Wu Jian
Xom
Yredelemnul
Zin
The Shining One
Jiyva

Shops:
D:1 (   D:11 !   D:14 [   Orc:2 (**[(   Snake:1 [

Annotations:
D:8 3 runed translucent doors, PublicAnimeNo1's ghost, novice DsAl
D:15 Rupert
Lair:1 exclusion: oklob plant
Lair:2 3 runed translucent doors, Sumgai83's ghost, journeyman SpEn
Shoals:1 3 runed translucent doors, exclusion: obsidian statue, Yxed's ghost, adept DEEE
Snake:2 1 runed translucent door


Innate Abilities, Weirdness & Mutations

You are too large for most types of armour.
You have a pair of small horns on your head.
You have tough skin. (AC +1)
You gain doubled healing and magic from potions.
Whenever you drink a healing potion, you attack all around you.
Your system is resistant to poisons. (rPois)
Potions are less effective at restoring your health.


Message History

You pummel the merfolk like a punching bag!!!
Your headbutt misses the merfolk.
The merfolk is almost dead.
The merfolk closely misses you.
You pummel the merfolk!!
You kill the merfolk!
Okawaru accepts your kill. You block the merfolk's attack.
You barely miss the merfolk. You headbutt the merfolk.
The merfolk is lightly wounded.
You block the merfolk's attack.
The merfolk hits you from afar with a +0 spear!
* * * LOW HITPOINT WARNING * * *
You punch the merfolk!
The merfolk is moderately wounded.
You block the merfolk's attack.
You punch the merfolk!
The merfolk is heavily wounded.
You block the merfolk's attack.
A faun comes into view. It is wielding a +0 spear.
You hit the merfolk.
The merfolk is heavily wounded.
The merfolk completely misses you.
The merfolk hits you from afar with a +0 spear!
* * * LOW HITPOINT WARNING * * *
You closely miss the merfolk.
The merfolk is heavily wounded.
You block the merfolk's attack.
The faun unwields a +0 spear.
The faun wields a +0 sling.
The faun shoots a sling bullet.
The sling bullet hits you!!
* * * LOW HITPOINT WARNING * * *
You barely miss the merfolk. You headbutt the merfolk.
The merfolk is severely wounded.
You block the merfolk's attack. x2
You punch the merfolk!
The merfolk is almost dead.
The merfolk hits you from afar with a +0 spear.
* * * LOW HITPOINT WARNING * * *
The faun shoots a sling bullet.
The sling bullet hits you!
You die...

........~~~....~~~ .
#............#.~c~
..###.....##..~~...~~.
...........#..~~~.~~..
.[.$.......).....~~~.~
#...............~~~~.
##....<....m.#.~~~~~~
≈.((.......m##).~~~~~~
.
~~~(........m@.)~~~~~~
.
..~~~..........~~~~~~~
#
..(~~.$.........~~~~~~
~(.~~.......~...~~~≈~.
~..........~~~.~~~~~~.
.......~....~≈≈≈≈~~~~.
...........~≈≈≈≈~~~~~
..........≈≈≈≈~~~~
.........~≈≈≈≈~.


You could see 2 merfolk and a faun.

Vanquished Creatures
  Kirke (D:15)
  A nagaraja (Snake:2)
  A frost giant (D:12)
  Donald (Orc:2)
  An orc warlord (Orc:2)
  A stone giant (D:15)
  Snorg (D:14)
  A yaktaur captain (D:12)
  A merfolk impaler (Shoals:2)
  Josephine (D:15)
  Fannar (D:10)
  2 vault guards (D:13)
  5 hydras
  Harold (D:9)
  2 ogre magi
  3 ironbound frosthearts
  An alligator (Lair:3)
  7 boulder beetles
  3 anacondas (Snake:2)
  A merfolk avatar (Shoals:2)
  4 catoblepae
  9 two-headed ogres
  4 death yaks
  2 tengu warriors (D:13)
  5 centaur warriors
  An orc high priest (Orc:2)
  3 naga warriors (Snake:1)
  Urug (Lair:4)
  2 naga sharpshooters (Snake:2)
  3 shock serpents (Snake:1)
  A hell knight (D:12)
  A skeletal warrior (D:12)
  5 skysharks
  Lodul (D:10)
  3 sea snakes
  2 naga ritualists
  4 orc knights
  A deep elf zephyrmancer (D:14)
  An orc sorcerer (Orc:2)
  A wolf spider (D:12)
  7 mana vipers
  A deep elf pyromancer (D:14)
  21 ugly things
  6 cyclopes
  Maurice (D:7)
  6 fauns (Shoals:1)
  8 manticores
  11 elephants
  3 salamanders
  4 merfolk sirens (Shoals:1)
  6 kobold blastminers (Orc:2)
  An ice statue (IceCv)
  A guardian serpent (Snake:2)
  6 centaur zombies (D:13)
  5 naga magi
  2 gargoyles (D:11)
  25 black mambas
  19 cane toads
  A kobold demonologist (D:12)
  An unseen horror (D:12)
  10 rime drakes
  A komodo dragon (shapeshifter) (D:12)
  11 komodo dragons
  2 tengu conjurers (D:13)
  2 merfolk
  11 polar bears
  4 meliai
  4 trolls
  A hornet (D:7)
  A wind drake (Lair:2)
  26 blink frogs
  A raiju (shapeshifter) (D:14)
  A meliai zombie (D:13)
  12 dream sheep
  2 slime creatures (D:14)
  A shadow (D:11)
  A centaur simulacrum (D:15)
  11 wraiths
  6 hogs (D:15)
  2 vampires (D:13)
  A fire bat (shapeshifter) (D:14)
  4 wyverns
  3 wargs
  55 yaks
  2 humans
  7 basilisks
  A redback (D:12)
  A steam dragon (D:7)
  5 vampire mosquitoes
  3 acid dragons
  12 nagas
  11 water moccasins
  A hell hound (Lair:5)
  25 orc warriors
  17 ogres
  7 boggarts (D:15)
  3 black bears
  26 wolves
  10 centaurs
  2 phantoms (D:5)
  9 kobold brigands
  15 bullfrogs
  5 gnoll sergeants
  4 scorpions
  4 killer bees (D:7)
  7 electric eels
  5 howler monkeys
  5 hounds
  8 jellies
  18 orc priests
  4 gnoll boudas
  2 sleepcaps
  Jessica (D:2)
  Natasha (thrice) (D:4)
  2 iguanas
  16 orc wizards
  41 gnolls
  8 adders
  3 bombardier beetles
  13 white imps
  2 ufetubi (D:7)
  4 worms
  55 orcs
  8 ball pythons
  5 bats
  4 endoplasms
  9 giant cockroaches
  9 goblins
  11 hobgoblins
  2 jackals (D:2)
  37 kobolds
  5 quokkas
  7 frilled lizards
  7 rats (D:3)
869 creatures vanquished.

Vanquished Creatures (others)
  An ogre (D:15)
  2 orc wizards (D:11)
3 creatures vanquished.

Grand Total: 872 creatures vanquished

Notes
Turn   | Place    | Note
-------+----------+-------------------------------------------
     0 | D:1      | PublicAnimeNo1 the Oni Shapeshifter began the quest for the
                  | Orb.
     0 | D:1      | Reached XP level 1. HP: 19/19 MP: 1/1
   110 | D:1      | Reached XP level 2. HP: 28/28 MP: 2/2
   291 | D:1      | Found Zutohy's Weapon Emporium.
   307 | D:1      | Reached skill level 2 in Fighting
   581 | D:1      | Reached XP level 3. HP: 32/35 MP: 3/3
   996 | D:2      | Found a faded altar of an unknown god.
  1022 | D:2      | Prayed at the altar of an unknown god.
  1022 | D:2      | Became a worshipper of Warmaster Okawaru
  1022 | D:2      | Reached * piety under Okawaru
  1399 | D:2      | Reached XP level 4. HP: 30/44 MP: 4/4
  1656 | D:2      | Noticed Jessica
  1670 | D:2      | Killed Jessica
  1671 | D:2      | Reached skill level 1 in Invocations
  1736 | D:2      | Reached XP level 5. HP: 48/52 MP: 5/5
  1968 | D:2      | Reached skill level 3 in Fighting
  3156 | D:4      | Noticed Natasha
  3169 | D:4      | Killed Natasha
  3170 | D:4      | Reached XP level 6. HP: 29/61 MP: 7/7
  3521 | D:4      | Noticed Natasha
  3528 | D:4      | Killed Natasha
  3532 | D:4      | Noticed Natasha
  3541 | D:4      | Killed Natasha
  3611 | D:4      | Found a staircase to the Ecumenical Temple.
  3620 | Temple   | Entered the Ecumenical Temple
  3855 | D:5      | Entered Level 5 of the Dungeon
  3876 | D:5      | Noticed a water moccasin
  3883 | D:5      | Killed a water moccasin
  3883 | D:5      | Reached ** piety under Okawaru
  3991 | D:5      | Reached skill level 4 in Fighting
  3991 | D:5      | Reached XP level 7. HP: 59/70 MP: 7/9
  4233 | D:5      | Reached skill level 5 in Unarmed Combat
  4233 | D:5      | Reached skill level 5 in Shapeshifting
  4295 | D:5      | Identified a scroll of acquirement
  4295 | D:5      | Acquired the +2 shield of Resistance {rF++ rC++ Will++}
  4295 | D:5      | Found the +2 shield of Resistance {rF++ rC++ Will++}
  4474 | D:5      | Reached skill level 1 in Shields
  4616 | D:5      | Reached skill level 5 in Fighting
  4616 | D:5      | Reached XP level 8. HP: 15/80 MP: 7/10
  5156 | D:5      | Found a basalt altar of Yredelemnul.
  5351 | D:5      | Reached *** piety under Okawaru
  5872 | D:6      | Reached skill level 6 in Fighting
  6767 | D:6      | Reached XP level 9. HP: 77/91 MP: 11/11
  7148 | D:7      | Noticed Maurice
  7156 | D:7      | Maurice stole a +6 ring of intelligence
  7264 | D:7      | Reached skill level 5 in Shields
  7269 | D:7      | Reached skill level 7 in Fighting
  7284 | D:7      | HP: 6/139 [poisoned by a killer bee]
  7285 | D:7      | Gained mutation: Potions are less effective at restoring
                  | your health. [potion of mutation]
  7285 | D:7      | Gained mutation: Your mind is acute. (Int +4, Str/Dex -1)
                  | [potion of mutation]
  7285 | D:7      | Lost mutation: Your mind is acute. (Int +4, Str/Dex -1)
                  | [potion of mutation]
  7285 | D:7      | Gained mutation: Your system is resistant to poisons.
                  | (rPois) [potion of mutation]
  7983 | D:8      | Noticed a hornet
  7998 | D:7      | Killed a hornet
  8112 | D:7      | Maurice stole a beast talisman
  8113 | D:7      | Maurice stole 2 throwing nets
  8116 | D:7      | Killed Maurice
  8116 | D:7      | Reached **** piety under Okawaru
  8117 | D:7      | Reached skill level 8 in Fighting
  8177 | D:8      | Reached XP level 10. HP: 89/104 MP: 12/12
  8379 | D:8      | Found a staircase to the Lair.
  8460 | D:8      | Found a runed translucent gate.
  8461 | D:8      | Found a runed translucent gate.
  8462 | D:8      | Found a runed translucent gate.
  8463 | D:8      | Noticed PublicAnimeNo1's ghost (novice DsAl)
  8495 | D:8      | Reached skill level 9 in Fighting
  8502 | D:8      | Reached ***** piety under Okawaru
  8679 | D:8      | Found a shadowy altar of Dithmenos.
  8795 | D:8      | Acquired 1092 gold pieces
  9642 | D:8      | Found an ornate altar of the Wu Jian Council.
  9645 | D:8      | Found an opulent altar of Gozag.
  9689 | D:8      | Got Ricefo's Compendium of Scree
 10160 | D:9      | Received a gift from Okawaru
 10382 | D:9      | Noticed Harold
 10395 | D:9      | Killed Harold
 10396 | D:9      | Reached skill level 10 in Fighting
 10762 | D:9      | Reached XP level 11. HP: 104/117 MP: 13/13
 11002 | D:9      | Noticed a two-headed ogre
 11013 | D:9      | Killed a two-headed ogre
 11247 | D:9      | Noticed a two-headed ogre
 11257 | D:9      | Killed a two-headed ogre
 11452 | D:9      | Found a sacrificial altar of Ru.
 11461 | D:9      | Learned a level 2 spell: Blink
 11485 | D:9      | Found a broken altar of Ashenzari.
 11542 | D:10     | Entered Level 10 of the Dungeon
 11752 | D:10     | Noticed Lodul
 11795 | D:10     | Reached skill level 1 in Spellcasting
 11803 | D:10     | Killed Lodul
 11804 | D:10     | Reached skill level 1 in Translocations
 12259 | D:10     | Noticed a two-headed ogre
 12269 | D:10     | Killed a two-headed ogre
 12269 | D:10     | Received a gift from Okawaru
 12601 | D:10     | Noticed Fannar
 12640 | D:10     | Killed Fannar
 12641 | D:10     | Reached skill level 11 in Fighting
 12942 | Lair:1   | Entered Level 1 of the Lair of Beasts
 12956 | Lair:1   | Found a frozen archway.
 13016 | IceCv    | Entered an ice cave
 13503 | IceCv    | Noticed a death yak
 13523 | IceCv    | Killed a death yak
 13524 | IceCv    | Reached skill level 5 in Spellcasting
 13524 | IceCv    | Reached XP level 12. HP: 39/130 MP: 17/19
 13812 | IceCv    | Reached skill level 5 in Translocations
 14294 | IceCv    | Reached skill level 12 in Fighting
 14708 | IceCv    | Noticed an ironbound frostheart
 14708 | IceCv    | Noticed a death yak
 14708 | IceCv    | Noticed a death yak
 14708 | IceCv    | Noticed an ironbound frostheart
 14725 | IceCv    | Killed an ironbound frostheart
 14726 | IceCv    | Reached skill level 10 in Shields
 14736 | IceCv    | Killed an ironbound frostheart
 14736 | IceCv    | Reached ****** piety under Okawaru
 14736 | IceCv    | Received a gift from Okawaru
 14746 | IceCv    | Killed a death yak
 14759 | IceCv    | Killed a death yak
 14970 | IceCv    | Acquired the +1 robe of Vines {NoPotionHeal Regen++++}
 14970 | IceCv    | Received a gift from Okawaru
 14970 | IceCv    | Found the +1 robe of Vines {NoPotionHeal Regen++++}
 14971 | IceCv    | Acquired a +3 demon trident of venom
 14971 | IceCv    | Received a gift from Okawaru
 15080 | IceCv    | Found the +8 frozen axe "Frostbite" {freeze, freezing
                  | cloud, *Noise Fly rC+}
 15306 | Lair:1   | Found a hazy altar of Hepliaklqana.
 15596 | Lair:1   | Reached skill level 10 in Unarmed Combat
 15596 | Lair:1   | Reached XP level 13. HP: 107/141 MP: 25/25
 16238 | Lair:2   | Found a sparkling altar of Nemelex Xobeh.
 16283 | Lair:2   | Reached skill level 13 in Fighting
 16283 | Lair:2   | Reached skill level 1 in Armour
 16819 | Lair:2   | Found a staircase to the Shoals.
 17020 | Lair:2   | Found a runed translucent gate.
 17020 | Lair:2   | Found a runed translucent gate.
 17020 | Lair:2   | Found a runed translucent gate.
 17423 | Lair:2   | Noticed Sumgai83's ghost (journeyman SpEn)
 17427 | Lair:2   | Found the macabre finger necklace {Finger+ rN+}
 17608 | Lair:2   | Found a viscous altar of Jiyva.
 17646 | Lair:3   | Found a staircase to the Snake Pit.
 17995 | Lair:3   | Received a gift from Okawaru
 18986 | Lair:3   | Reached skill level 14 in Fighting
 19300 | Lair:3   | Identified the staff "Buarir" {rPois rN++ Str+2 Alchemy}
 19410 | Lair:3   | Received a gift from Okawaru
 19540 | Lair:3   | Reached skill level 1 in Throwing
 19596 | Lair:3   | Reached XP level 14. HP: 49/157 MP: 27/27
 20102 | Lair:3   | Identified the +6 long sword of Conflict {drain, Will++
                  | Stlth+}
 20812 | Lair:3   | Received a gift from Okawaru
 21415 | Lair:3   | Got the Encyclopedia of Correspondence
 21559 | Snake:1  | Entered Level 1 of the Snake Pit
 21780 | Lair:4   | Reached skill level 15 in Fighting
 22568 | Lair:4   | Found a viscous altar of Jiyva.
 22569 | Lair:4   | Found a staircase to the Slime Pits.
 22680 | Lair:5   | Entered Level 5 of the Lair of Beasts
 22684 | Lair:5   | Received a gift from Okawaru
 22872 | Lair:5   | Noticed Urug
 22882 | Lair:4   | Killed Urug
 23121 | Lair:5   | Reached skill level 5 in Throwing
 24264 | Lair:5   | Received a gift from Okawaru
 24293 | Lair:5   | Reached XP level 15. HP: 99/169 MP: 25/28
 24782 | Lair:5   | Reached skill level 16 in Fighting
 25053 | D:11     | Found Wiss's Distillery.
 25076 | D:11     | Bought a potion of curing for 48 gold pieces
 25076 | D:11     | Bought a potion of heal wounds for 80 gold pieces
 25076 | D:11     | Bought a potion of curing for 48 gold pieces
 25076 | D:11     | Bought a potion of curing for 48 gold pieces
 25174 | D:11     | Reached skill level 5 in Invocations
 25501 | D:11     | Found a staircase to the Orcish Mines.
 25803 | D:11     | Found a snail-covered altar of Cheibriados.
 25895 | D:11     | Learned a level 4 spell: Manifold Assault
 26853 | D:13     | Received a gift from Okawaru
 27315 | D:12     | Noticed a frost giant
 27323 | D:12     | Killed a frost giant
 27401 | D:12     | Received a gift from Okawaru
 27764 | Orc:1    | Entered Level 1 of the Orcish Mines
 28203 | Orc:2    | Entered Level 2 of the Orcish Mines
 28329 | Orc:2    | Found a staircase to the Elven Halls.
 28532 | Orc:2    | Found Xougafof's Assorted Antiques.
 28645 | Orc:2    | Noticed Donald
 28659 | Orc:2    | Killed Donald
 29340 | Orc:2    | Reached skill level 17 in Fighting
 29397 | Orc:2    | Noticed an orc warlord
 29429 | Orc:2    | Killed an orc warlord
 29758 | Orc:2    | Found Poisetum's Antique Weapon Boutique.
 29791 | Orc:2    | Found Tiutwut's Antique Armour Shop.
 30020 | Orc:2    | Found Otaisuclutt's Weapon Boutique.
 30265 | Orc:2    | Found Wutetu Iseho's Assorted Antiques.
 30270 | Orc:2    | Bought a potion of ambrosia for 232 gold pieces
 30270 | Orc:2    | Bought a potion of heal wounds for 145 gold pieces
 30522 | D:13     | Reached XP level 16. HP: 54/183 MP: 27/29
 30524 | D:13     | Received a gift from Okawaru
 31859 | D:13     | Found a gate to the Vaults.
 32864 | Snake:1  | Learned a level 1 spell: Apportation
 33432 | Snake:1  | Found Tilulah's Antique Armour Boutique.
 33442 | Snake:1  | Received a gift from Okawaru
 33613 | Snake:1  | Identified the +2 sling of Tenacity {heavy, Str+5}
 34331 | Snake:2  | Found a runed translucent door.
 34366 | Snake:2  | Noticed a nagaraja
 34382 | Snake:2  | Upgraded the game from 0.31-a0-1356-gade28b5 to
                  | 0.31-a0-1370-gf52a5a9
 34388 | Snake:2  | Killed a nagaraja
 34389 | Snake:2  | Reached skill level 18 in Fighting
 35426 | Snake:2  | Received a gift from Okawaru
 35666 | Snake:2  | Reached skill level 5 in Dodging
 35736 | Snake:2  | Reached skill level 1 in Stealth
 36456 | D:14     | Noticed Snorg
 36466 | D:14     | Killed Snorg
 36708 | D:14     | Found Nideh Eba's Antique Armour Shoppe.
 37043 | D:14     | Received a gift from Okawaru
 37124 | D:14     | Reached skill level 10 in Invocations
 37215 | D:15     | Entered Level 15 of the Dungeon
 37582 | D:15     | Noticed Kirke
 37605 | D:15     | Killed Kirke
 37631 | D:15     | Reached XP level 17. HP: 156/193 MP: 30/30
 37860 | D:15     | Noticed Rupert
 37909 | D:15     | Found a staircase to the Depths.
 38151 | D:15     | Noticed Josephine
 38164 | D:15     | Killed Josephine
 38409 | D:15     | Received a gift from Okawaru
 38469 | D:15     | Reached skill level 5 in Armour
 39408 | Shoals:1 | Entered Level 1 of the Shoals
 39457 | Shoals:1 | Found a runed translucent gate.
 39579 | Shoals:1 | Found a runed translucent gate.
 39579 | Shoals:1 | Found an opulent altar of Gozag.
 39921 | Shoals:1 | Identified the +3 sling "Qelyok" {heavy, +Blink}
 39974 | Shoals:1 | Received a gift from Okawaru
 40370 | Shoals:1 | Found a runed translucent gate.
 40466 | Shoals:1 | Noticed Yxed's ghost (adept DEEE)
 40538 | Shoals:2 | Shot with a sling bullet by a faun

Illustrated notes

Levels and vault maps discovered:
D:1:      minmay_arrival_four_houses, layout_loops_corners, serial_shops,
          nicolae_shop_bloodbath_and_beyond, minmay_tripent
D:2:      layout_basic, dreamdust_ecumenical_altar_statues,
          palyth_stone_intersect, minmay_stone_trees_medium, uniq_jessica
D:3:      layout_rooms, kennysheep_generic_room_13
D:4:      layout_loops_corners, temple_doors_e, serial_glass, glass_columns_a,
          glass_columns_b, uniq_natasha
D:5:      layout_loops_ring, kennysheep_mini, kennysheep_minor_cross,
          minmay_manual_macuahuitl
D:6:      layout_basic
D:7:      layout_cave_pools, uniq_maurice
D:8:      cheibrodos_two_vegetables, layout_loops_ring,
          nicolae_dithmenos_shadow_blocks, mainiacjoe_overflow_catwalk_spiral,
          lair_entry_dummy, gammafunk_ghost_necromancy,
          chequers_serial_rivers_micro_e, minmay_manual_mares
D:9:      layout_long_grid, mainiacjoe_overflow_two_lobes, minivault_5,
          uniq_harold
D:10:     layout_cave_pods, uniq_lodul, uniq_fannar
D:11:     layout_loops_ring, erik_orc_4, serial_shops, nicolae_shop_waterfront,
          cheibrodos_worm_habitat
D:12:     minmay_klotski, layout_loops_ring
D:13:     layout_stronghold, hellmonk_vaults_keyhole, serial_undead,
          serial_undead_a, serial_undead_b, serial_undead_f, serial_undead_a
D:14:     layout_roguey, serial_shops, shop, uniq_snorg
D:15:     grunt_enter_depths_giant_problem, layout_irregular_city,
          abandoned_shop, uniq_josephine, uniq_kirke, uniq_rupert
Temple:   nicolae_temple_x_marks_the_god
Lair:1:   layout_small_grid, portal_ice_cave_entry_imps, lemuel_oklob_altar
Lair:2:   layout_loops_ring, minmay_shoals_entry_beasts, gammafunk_ghost_ooze,
          basic_altar, serial_forest, infiniplex_forest_end_2,
          infiniplex_forest_clump_curved, infiniplex_forest_end_1,
          infiniplex_forest_clump_medium, infiniplex_forest_end_1,
          infiniplex_forest_clump_double, infiniplex_forest_straight_4
Lair:3:   nzn_winding_woodlands_huge [nzn_winding_woodlands_5x15_sawtooth,
          nzn_winding_woodlands_5x15_crooked,
          nzn_winding_woodlands_5x15_longhouse,
          nzn_winding_woodlands_5x15_zeroes,
          nzn_winding_woodlands_5x15_sidewinder,
          nzn_winding_woodlands_5x15_garden,
          nzn_winding_woodlands_5x15_river_crossing,
          nzn_winding_woodlands_5x15_parted,
          nzn_winding_woodlands_5x15_pathside_ponds,
          nzn_winding_woodlands_5x15_eye,
          nzn_winding_woodlands_center_triple_pond,
          nzn_winding_woodlands_center_diamonds,
          nzn_winding_woodlands_15x15_thick_spiral], layout_big_grid,
          dummy_snake_entry
Lair:4:   layout_misc_corridors, dpeg_slime_entry_enclosed
Lair:5:   evil_forest, layout_cave_shapes, uniq_urug
Shoals:1: layout_shoals, ebering_ghost_gozag
Shoals:2: layout_shoals, nicolae_specific_store, nicolae_shoals_sun_and_surf,
          uniq_polyphemus
Snake:1:  layout_concentric_octagons, serial_shops, shop, nicolae_integral_box
Snake:2:  cheibrodos_toxic_ritual, layout_chambers, st_stairs_6
Orc:1:    layout_diamond_mine, basic_altar, serial_shops,
          blackcustard_mines_bat_river
Orc:2:    grunt_orc_community_town_hall, layout_caves,
          grunt_orc_community_big_house_1, grunt_orc_community_big_house_2,
          grunt_orc_community_house_2, grunt_orc_community_house_2,
          grunt_orc_community_house_1, grunt_orc_community_house_1,
          grunt_orc_community_house_2, serial_shops, shop, uniq_donald

Skill      XL: |  1  2  3  4  5  6  7  8  9 10 11 12 13 14 15 16 17 |
---------------+----------------------------------------------------+-----
Dodging        | 2 4 5 6 |  6.9
Fighting       | 2 3 4 5 6 8 10 11 12 14 15 17 18 | 18.0
Unarmed Combat | 3 4 5 6 7 8 9 10 11 12 13 14 | 14.3
Invocations    | 1 2 3 7 10 | 10.4
Shapeshifting  | 4 5 6 7 8 |  8.7
Shields        | 1 4 6 8 9 10 11 | 11.2
Spellcasting   | 5 8 9 |  9.5
Translocations | 4 7 8 |  8.0
Armour         | 3 4 5 |  5.8
Throwing       | 1 5 8 9 |  9.2
Stealth        | 2 4 |  4.0

Action                     |  1- 3 |  4- 6 |  7- 9 | 10-12 | 13-15 | 16-18 || total
---------------------------+-------+-------+-------+-------+-------+-------++-------
  Melee: Unarmed           |    81 |   150 |   304 |   592 |  1176 |   649 ||  2952
         Headbutt          |    11 |    22 |    58 |   146 |   301 |   157 ||   695
         Punch             |     2 |     2 |       |       |       |       ||     4
  Throw: Large rock        |       |       |     6 |     4 |    98 |   144 ||   252
         Throwing net      |       |       |       |     1 |       |       ||     1
         Javelin           |       |       |       |       |       |     1 ||     1
   Cast: Manifold Assault  |       |       |       |       |       |     6 ||     6
 Invoke: Heroism           |       |       |     6 |    10 |    15 |     5 ||    36
         Receive Weapon    |       |       |       |     1 |       |       ||     1
         Receive Armour    |       |       |       |     1 |       |       ||     1
  Evoke: Wand              |       |       |       |    24 |    17 |     4 ||    45
    Use: Scroll            |     1 |     6 |     7 |    11 |     7 |     4 ||    36
         Potion            |     1 |     1 |     6 |     3 |     3 |     7 ||    21
   Stab: Sleeping          |       |     1 |     1 |       |       |       ||     2
         Petrified         |       |       |       |       |       |     1 ||     1
 Armour: Animal skin       |    31 |    77 |   151 |       |       |       ||   259
         Skin              |     8 |     6 |       |       |       |       ||    14
         Steam dragon scal |       |       |    27 |    27 |       |       ||    54
         Acid dragon scale |       |       |       |   295 |   662 |   332 ||  1289
         Troll leather arm |       |       |       |       |       |    30 ||    30
  Dodge: Dodged            |    28 |    38 |    98 |   155 |   347 |   182 ||   848
  Block: Kite shield       |       |       |   165 |   307 |   656 |   372 ||  1500
   Form: Beast             |       |       |     1 |       |       |       ||     1
         Flux              |       |       |     1 |       |       |       ||     1
                           |       |       |       |       |       |     1 ||     1

Table legend: (Time is in decaauts)
 A = Elapsed time spent in this place.
 B = Non-inter-level travel time spent in this place.
 C = Inter-level travel time spent in this place.
 D = Time resting spent in this place.
 E = Time spent auto-exploring this place.
 F = Levels seen in this place.
 G = Mean time per level.
                   A        B        C        D        E       F      G
               +--------+--------+--------+--------+--------+-----+--------+
         Total |  40378 |  38513 |   1865 |  13623 |  18104 |  28 | 1442.1 |
       Dungeon |  21017 |  19882 |   1135 |   5193 |  11426 |  15 | 1401.1 |
        Temple |      1 |      1 |      0 |      0 |      0 |   1 |    1.0 |
          Lair |  10030 |   9430 |    600 |   3938 |   3860 |   5 | 2006.0 |
        Shoals |   1120 |   1120 |      0 |    532 |    169 |   2 |  560.0 |
     Snake Pit |   3524 |   3478 |     46 |   1704 |   1248 |   2 | 1762.0 |
  Orcish Mines |   2631 |   2548 |     83 |    807 |   1320 |   2 | 1315.5 |
      Ice Cave |   2051 |   2051 |      0 |   1447 |     81 |   1 | 2051.0 |
               +--------+--------+--------+--------+--------+-----+--------+

Top non-repeatable levels by time:
  Lair:3: 4022 daAuts
 Snake:1: 2100 daAuts
   IceCv: 2051 daAuts
  Lair:4: 2012 daAuts
    D:12: 1981 daAuts
   Orc:2: 1980 daAuts
    D:15: 1970 daAuts
     D:8: 1925 daAuts
    D:13: 1820 daAuts
     D:9: 1737 daAuts
     D:5: 1616 daAuts
     D:6: 1578 daAuts
  Lair:2: 1478 daAuts
 Snake:2: 1423 daAuts
     D:4: 1404 daAuts
